 Dungeon Crawl Stone Soup version 0.22.1-1-ga44c0e5 (webtiles) character file.

282 HaraKiri the Insei (level 6, -1/47 HPs)
             Began as a Gnoll Transmuter on Oct 13, 2018.
             Was an Elder of Uskayaw.
             Succumbed to a killer bee's poison
             ... on level 3 of the Dungeon.
             The game lasted 00:11:23 (2166 turns).

HaraKiri the Insei (Gnoll Transmuter)               Turns: 2166, Time: 00:11:24

Health: -1/47      AC:  3    Str: 18    XL:     6   Next: 28%
Magic:  13/14      EV: 15    Int: 16    God:    Uskayaw [****..]
Gold:   155        SH:  0    Dex: 16    Spells: 14/15 levels left

rFire    . . .     SeeInvis .     - Unarmed
rCold    . . .     Gourm    .   (no shield)
rNeg     . . .     Faith    .   m - +0 robe
rPois    .         Spirit   .   g - +0 helmet
rElec    .         Reflect  .   (no cloak)
rCorr    .         Harm     .   (no gloves)
MR       .....                  (boots currently unavailable)
Stlth    ++........             (no amulet)
HPRegen  0.15/turn              (no ring)
MPRegen  0.14/turn              (no ring)

@: mighty, lethally poisoned (-1 -> -26), appendage
A: distributed training, fangs 1, talons 3, strong nose
a: End Transformation, Stomp, Line Pass, Renounce Religion


You were on level 3 of the Dungeon.
You worshipped Uskayaw.
Uskayaw was noncommittal.
You were not hungry.
You had grown temporary talons.
You visited 1 branch of the dungeon, and saw 3 of its levels.

You collected 155 gold pieces.

Inventory:

Missiles
 a - 33 arrows
 n - 8 poisoned needles
Armour
 b - a +0 robe
 e - a +0 robe
 g - a +0 helmet (worn)
 i - a +0 leather armour
 l - a +0 ring mail
 m - a +0 robe (worn)
Scrolls
 f - 6 scrolls of identify {unknown}
 h - a scroll of teleportation {unknown}
 k - 3 scrolls of remove curse {unknown}
 o - a scroll of magic mapping {unknown}
 q - a scroll of amnesia {unknown}
Comestibles
 c - 4 chunks of flesh
 d - 3 rations


   Skills:
 + Level 3.2 Fighting
 + Level 1.8 Short Blades
 + Level 1.8 Long Blades
 + Level 1.8 Axes
 + Level 1.8 Maces & Flails
 + Level 1.8 Polearms
 + Level 1.8 Staves
 + Level 1.8 Slings
 + Level 1.8 Bows
 + Level 1.8 Crossbows
 + Level 1.8 Throwing
 + Level 1.8 Armour
 + Level 4.9 Dodging
 + Level 1.8 Stealth
 + Level 1.8 Shields
 + Level 6.8 Unarmed Combat
 + Level 5.3 Spellcasting
 + Level 1.4 Conjurations
 + Level 1.4 Hexes
 + Level 1.4 Charms
 + Level 1.4 Summonings
 + Level 1.4 Necromancy
 + Level 1.4 Translocations
 + Level 4.1 Transmutations
 + Level 1.4 Fire Magic
 + Level 1.4 Ice Magic
 + Level 1.4 Air Magic
 + Level 1.4 Earth Magic
 + Level 1.4 Poison Magic
 + Level 2.0 Invocations
 + Level 1.8 Evocations


You had 14 spell levels left.
You knew the following spells:

 Your Spells              Type           Power        Failure   Level  Hunger
a - Beastly Appendage     Tmut           ###...       2%          1    None

Your spell library contained the following spells:

 Spells                   Type           Power        Failure   Level  Hunger
 Sticks to Snakes         Tmut           ###.....     4%          2    #......
 Spider Form              Tmut/Pois      ##........   14%         3    ###....
 Ice Form                 Ice/Tmut       ##......     43%         4    ####...
 Blade Hands              Tmut           ###.......   58%         5    ######.


Dungeon Overview and Level Annotations

Branches:
Dungeon (3/15)

Altars:
Gozag
Uskayaw


Innate Abilities, Weirdness & Mutations

Your experience applies equally to all skills.
You have very sharp teeth.
Your uncanny sense of smell can sniff out nearby items.
You have claws for feet.


Message History

* * * LOW HITPOINT WARNING * * *
You feel sick. The killer bee misses you.
You punch the killer bee! Your kick misses the killer bee.
The killer bee is almost dead.
* * * LOW HITPOINT WARNING * * *
You feel sick. The killer bee stings you.
* * * LOW HITPOINT WARNING * * *
You are more poisoned.
The killer bee poisons you! The killer bee closely misses you.
Uskayaw will force your foes to share their pain.
Uskayaw links your audience in an emotional bond!
You miss the killer bee. Your kick misses the killer bee.
Your bite misses the killer bee.
The killer bee is almost dead.
* * * LOW HITPOINT WARNING * * *
You feel sick. The killer bee misses you. The killer bee stings you!
* * * LOW HITPOINT WARNING * * *
You miss the killer bee. Your kick misses the killer bee.
The killer bee is almost dead.
You die... .[.. .y.. y.y ### #yy

#####.... ..
).....#### #.
#..........#.#########
#.########..yyyy@...>#
#(# ####y######.# .
[.## #.# #.# ># #..##
#.# #.# . ##..######
#.# #.#.# ###......#
#รท## #.#. .####....#
#..# #.. .###.....#
##.# ##^## .....#...#
#.# #...#


You could see 5 killer bees.

Vanquished Creatures
  A killer bee (D:3)
  A crimson imp (D:3)
  Jessica (D:2)
  A worker ant (D:3)
  3 gnolls (D:3)
  4 adders
  An ooze (D:3)
  A worm (D:2)
  3 dart slugs
  6 leopard geckos
  2 orcs (D:3)
  2 giant cockroaches
  6 goblins
  9 hobgoblins
  3 jackals (D:2)
  9 bats
  10 frilled lizards
  7 kobolds
  5 rats
75 creatures vanquished.

Notes
Turn   | Place    | Note
-------+----------+-------------------------------------------
     0 | D:1      | HaraKiri the Gnoll Transmuter began the quest for the Orb.
     0 | D:1      | Reached XP level 1. HP: 17/17 MP: 6/6
    73 | D:1      | Reached XP level 2. HP: 23/23 MP: 7/7
   428 | D:1      | Reached XP level 3. HP: 26/28 MP: 7/9
   482 | D:1      | You fall through a shaft!
   488 | D:2      | Reached skill level 5 in Spellcasting
   748 | D:2      | Reached skill level 1 in Invocations
   854 | D:2      | Found a faded altar of an unknown god.
   897 | D:2      | Noticed Jessica
   904 | D:2      | Killed Jessica
   904 | D:2      | Reached skill level 1 in Short Blades
   904 | D:2      | Reached skill level 1 in Long Blades
   904 | D:2      | Reached skill level 1 in Axes
   904 | D:2      | Reached skill level 1 in Maces & Flails
   904 | D:2      | Reached skill level 1 in Polearms
   904 | D:2      | Reached skill level 1 in Staves
   904 | D:2      | Reached skill level 1 in Slings
   904 | D:2      | Reached skill level 1 in Bows
   904 | D:2      | Reached skill level 1 in Crossbows
   904 | D:2      | Reached skill level 1 in Throwing
   904 | D:2      | Reached skill level 1 in Armour
   904 | D:2      | Reached skill level 1 in Stealth
   904 | D:2      | Reached skill level 1 in Shields
   904 | D:2      | Reached skill level 1 in Evocations
   904 | D:2      | Reached XP level 4. HP: 25/34 MP: 11/11
  1384 | D:3      | Reached skill level 1 in Conjurations
  1384 | D:3      | Reached skill level 1 in Hexes
  1384 | D:3      | Reached skill level 1 in Charms
  1384 | D:3      | Reached skill level 1 in Summonings
  1384 | D:3      | Reached skill level 1 in Necromancy
  1384 | D:3      | Reached skill level 1 in Translocations
  1384 | D:3      | Reached skill level 1 in Fire Magic
  1384 | D:3      | Reached skill level 1 in Ice Magic
  1384 | D:3      | Reached skill level 1 in Air Magic
  1384 | D:3      | Reached skill level 1 in Earth Magic
  1384 | D:3      | Reached skill level 1 in Poison Magic
  1392 | D:3      | Reached XP level 5. HP: 40/40 MP: 12/12
  1698 | D:3      | Reached XP level 6. HP: 14/47 MP: 13/13
  1935 | D:3      | Found a hide-covered altar of Uskayaw.
  1939 | D:3      | Found an opulent altar of Gozag.
  1943 | D:3      | Became a worshipper of Uskayaw the Reveler
  2021 | D:3      | Reached * piety under Uskayaw
  2150 | D:3      | Reached ** piety under Uskayaw
  2157 | D:3      | Reached *** piety under Uskayaw
  2164 | D:3      | Reached **** piety under Uskayaw
  2165 | D:3      | HP: 1/47 [killer bee (7)]
  2166 | D:3      | Succumbed to a killer bee's poison

Skill      XL: |  1  2  3  4  5  6 |
---------------+-------------------+-----
Spellcasting   | 5 |  5.3
Invocations    | 1 2 |  2.0
Short Blades   | 1 |  1.8
Long Blades    | 1 |  1.8
Axes           | 1 |  1.8
Maces & Flails | 1 |  1.8
Polearms       | 1 |  1.8
Staves         | 1 |  1.8
Slings         | 1 |  1.8
Bows           | 1 |  1.8
Crossbows      | 1 |  1.8
Throwing       | 1 |  1.8
Armour         | 1 |  1.8
Stealth        | 1 |  1.8
Shields        | 1 |  1.8
Evocations     | 1 |  1.8
Conjurations   | 1 |  1.4
Hexes          | 1 |  1.4
Charms         | 1 |  1.4
Summonings     | 1 |  1.4
Necromancy     | 1 |  1.4
Translocations | 1 |  1.4
Fire Magic     | 1 |  1.4
Ice Magic      | 1 |  1.4
Air Magic      | 1 |  1.4
Earth Magic    | 1 |  1.4
Poison Magic   | 1 |  1.4
Fighting       | 3 |  3.2
Transmutations | 4 |  4.1
Dodging        | |  4.9
Unarmed Combat | |  6.8

Action                   |  1- 3 |  4- 6 || total
-------------------------+-------+-------++-------
Melee: Unarmed           |    82 |   119 ||   201
       Bite              |     7 |    10 ||    17
       Kick              |    11 |    15 ||    26
       Headbutt          |     1 |       ||     1
       Punch             |     2 |       ||     2
 Cast: Beastly Appendage |     8 |    11 ||    19
  Use: Potion            |       |     3 ||     3
 Stab: Sleeping          |     2 |     3 ||     5
  Eat: Chunk             |       |     4 ||     4
Armor: Robe              |    13 |    24 ||    37
Dodge: Dodged            |    57 |    92 ||   149
